 Dungeon Crawl Stone Soup version 0.31.0-1-g2c135a008e (webtiles) character file.

Game seed: 2902936452696584732

9 Peloso the Covered (level 2, 27/27 HPs)
             Began as a Minotaur Fighter on Jan 20, 2024.
             Got out of the dungeon alive.
             The game lasted 00:00:35 (695 turns).

Peloso the Covered (Minotaur Fighter)                Turns: 695, Time: 00:00:35

Health: 27/27      AC:  7    Str: 20    XL:     2   Next: 3%
Magic:  1/1        EV:  9    Int:  5    God:
Gold:   46         SH:  4    Dex:  9    Spells: 1/1 levels left

rFire   . . .        a - +0 long sword
rCold   . . .        c - +0 buckler
rNeg    . . .        b - +0 scale mail
rPois   .            (helmet restricted)
rElec   .            (no cloak)
rCorr   .            (no gloves)
SInv    .            (no boots)
Will    .....        (no amulet) Stlth
                     (no ring)
HPRegen 0.24/turn    (no ring)
MPRegen 0.07/turn

%: no passive effects
@: no status effects
A: horns 2, retaliatory headbutt, hooves 1, subdued magic 1, MP-powered wands
a: no special abilities


You escaped.
You visited 1 branch of the dungeon, and saw 1 of its levels.

You collected 46 gold pieces.

Inventory:

Hand Weapons
 a - a +0 long sword (weapon)
Armour
 b - a +0 scale mail (worn)
 c - a +0 buckler (worn)
Scrolls
 e - a scroll of teleportation {unknown}
 h - a scroll of noise {unknown}
 i - a scroll of identify {unknown}
Potions
 d - a potion of might


   Skills:
 + Level 3.8 Fighting
 + Level 2.6 Long Blades
 + Level 3.9 Armour
 + Level 3.8 Shields


You had one spell level left.
You didn't know any spells.
Your spell library contained the following spells:

 Spells                   Type           Power      Damage    Failure   Level
 Passage of Golubria      Tloc           0%         N/A       100%        4
 Silence                  Hex/Air        0%         N/A       100%        5
 Lehudib's Crystal Spear  Conj/Erth      0%         10d2      100%        8


Dungeon Overview and Level Annotations

Branches:
Dungeon (1/15)

Altars:


Innate Abilities, Weirdness & Mutations

You have a pair of horns on your head.
You reflexively headbutt those who attack you in melee.
You have large cloven feet.
Your spells are a little easier to cast, but a little less powerful.
You expend magic power (3 MP) to strengthen your wands.


Message History

Found a stone staircase leading down.
There is a stone staircase leading down here.
There is a stone staircase leading down here.
g - a lumpy blue potion
h - a scroll labelled LIUZIST SAEPT A bat comes into view.
The bat hits you but does no damage.
A bat is nearby!
A bat is nearby!
You miss the bat. The bat hits you but does no damage.
You closely miss the bat. Your headbutt misses the bat.
The bat hits you but does no damage. The bat hits you but does no damage.
The bat barely misses you. You furiously retaliate!
You headbutt the bat!
You kill the bat!
You have reached level 2!
Found a stone staircase leading down.
i - a scroll labelled KANLAWA CIRAFE A bat comes into view.
You block the bat's attack.
You hit the bat but do no damage. You headbutt the bat.
You kill the bat!
You see here a bat corpse.
It was a potion of invisibility.
You fade into invisibility!
It was a potion of mutation.
You feel extremely strange.
Your connection to magic feels subdued.
Your feet thicken and deform.
You feel your magical essence link to the dungeon's wands.
What level of the Dungeon? (default 1, ? - help)
You see here a bat corpse.
You see here a staff of death.
You flicker for a moment.
Things that are here:
a +0 dagger; a goblin corpse You see here a ball python corpse.
You flicker back into view.
You see here a +0 dagger.
There is an open door here.
There is a staircase leading out of the dungeon here.
You have escaped!

#.# #.# ..# ### # #
####### #.....# #..@..#
###+#####..#..#
##......##..#..#
.##........'.....#
..........########
##..(....#
##.###.##############
#...................#
#################.#######


There were no monsters in sight!

Vanquished Creatures
  2 bats (D:1)
  A giant cockroach (D:1)
  A ball python (D:1)
  A frilled lizard (D:1)
  2 goblins (D:1)
  2 kobolds (D:1)
9 creatures vanquished.

Notes
Turn   | Place    | Note
-------+----------+-------------------------------------------
     0 | D:1      | Peloso the Minotaur Fighter began the quest for the Orb.
     0 | D:1      | Reached XP level 1. HP: 19/19 MP: 0/0
   537 | D:1      | Reached XP level 2. HP: 27/27 MP: 1/1
   563 | D:1      | Gained mutation: Your spells are a little easier to cast,
                  | but a little less powerful. [potion of mutation]
   563 | D:1      | Gained mutation: You have large cloven feet. [potion of
                  | mutation]
   563 | D:1      | Gained mutation: You expend magic power (3 MP) to
                  | strengthen your wands. [potion of mutation]
   695 | D:$      | Got out of the dungeon alive.

Illustrated notes

Levels and vault maps discovered:
D:1:      dpeg_arrival_rooms_b, layout_basic, minmay_lizard_pond

Action                     || total
---------------------------++-------
  Melee: Long sword        ||    19
         Headbutt          ||     3
    Use: Potion            ||     2
 Armour: Scale mail        ||    14
  Dodge: Dodged            ||    10
  Block: Buckler           ||     3
